AA SOUTH
BIRMINGHAM BARONS @ ROCKET CITY TRASH PANDAS
09/04/2041
 
TOP OF THE 1ST
Birmingham Barons batting - Pitching for Rocket City Trash Pandas : RHP David Trejo
Pitching: RHP David Trejo
Batting: LHB Bob Woodley 0-0: Fly out, F7 (Flyball, 78S, EV 84.4 MPH)
Batting: LHB Sam Stone 0-0: Ball
1-0: Foul Ball, location: 9LDF
1-1: Swinging Strike
1-2: Ball
2-2: Foul Ball, location: 2RF
2-2: Foul Ball, location: 9LMF
2-2: Strikes out looking
Batting: LHB Ben Rhodes 0-0: Called Strike
0-1: Ball
1-1: Foul Ball, location: 9LSF
1-2: Foul Ball, location: 2F
1-2: Ball
2-2: Ground out 4-3 (Groundball, 34, EV 84.4 MPH)
Top of the 1st over - 0 runs, 0 hits, 0 errors, 0 left on base; Birmingham 0 - Rocket City 0
BOTTOM OF THE 1ST
Rocket City Trash Pandas batting - Pitching for Birmingham Barons : RHP Jesús Campos
Pitching: RHP Jesús Campos
Batting: RHB Augusto Serna 0-0: Ball
1-0: Foul Ball, location: 2F
1-1: Ball
2-1: Ball
3-1: Bunt for hit to 15S - play at first, batter OUT! 1-3
Batting: LHB Raúl Trujillo 0-0: Called Strike
0-1: Fly out, F4 (Popup, 4, EV 66.9 MPH)
Batting: LHB Tim Webster 0-0: Swinging Strike
0-1: Foul Ball, location: 5FF
0-2: Ball
1-2: Foul Ball, location: 7LSF
1-2: Ball
2-2: Strikes out looking
Bottom of the 1st over - 0 runs, 0 hits, 0 errors, 0 left on base; Birmingham 0 - Rocket City 0
TOP OF THE 2ND
Birmingham Barons batting - Pitching for Rocket City Trash Pandas : RHP David Trejo
Batting: LHB Jorge Pagán 0-0: Ball
1-0: Ball
2-0: Ball
3-0: Called Strike
3-1: Foul Ball, location: 2F
3-2: Strikes out swinging
Batting: RHB Derrek Austin 0-0: Fly out, F7 (Line Drive, 78M, EV 83.8 MPH)
Batting: LHB Nathanial Hudson 0-0: Ball
1-0: Ground out U3 (Groundball, 3, EV 106.9 MPH)
Top of the 2nd over - 0 runs, 0 hits, 0 errors, 0 left on base; Birmingham 0 - Rocket City 0
BOTTOM OF THE 2ND
Rocket City Trash Pandas batting - Pitching for Birmingham Barons : RHP Jesús Campos
Batting: RHB Greg Scott 0-0: Swinging Strike
0-1: Foul Ball, location: 5FF
0-2: Ball
1-2: Fly out, F7 (Flyball, 7LM, EV 110.0 MPH)
Batting: LHB José De La Cruz 0-0: Foul Ball, location: 5FF
0-1: Ball
1-1: Foul Ball, location: 2F
1-2: Hit by Pitch
Batting: LHB José Ortíz 0-0: Called Strike
0-1: Ball
1-1: Ball
2-1: Ball
3-1: Foul Ball, location: 2F
3-2: Grounds into double play, 1-6-3 (Groundball, 13S, EV 70.0 MPH)
Bottom of the 2nd over - 0 runs, 0 hits, 0 errors, 0 left on base; Birmingham 0 - Rocket City 0
TOP OF THE 3RD
Birmingham Barons batting - Pitching for Rocket City Trash Pandas : RHP David Trejo
Batting: RHB Artie Smith 0-0: Called Strike
0-1: Ball
1-1: Ground out 5-3 (Groundball, 5, EV 99.4 MPH)
Batting: RHB Kel Humphrey 0-0: Ball
1-0: Foul Ball, location: 23F
1-1: Ball
2-1: Fly out, F7 (Flyball, 7LD, EV 105.6 MPH)
Batting: RHB Héctor Guerrero 0-0: Ball
1-0: Called Strike
1-1: Ball
2-1: Ball
3-1: Foul Ball, location: 5DF
3-2: SINGLE (Line Drive, 4MD, EV 108.8 MPH)
Batting: LHB Bob Woodley 0-0: Ground out 4-3 (Groundball, 4, EV 83.8 MPH)
Top of the 3rd over - 0 runs, 1 hit, 0 errors, 1 left on base; Birmingham 0 - Rocket City 0
BOTTOM OF THE 3RD
Rocket City Trash Pandas batting - Pitching for Birmingham Barons : RHP Jesús Campos
Batting: LHB Ho-cheong Kim 0-0: Ball
1-0: Ball
2-0: Called Strike
2-1: Ball
3-1: Base on Balls
Batting: SHB José Lugo 0-0: Called Strike
0-1: Bunted foul
0-2: Ball
1-2: Foul Ball, location: 3DF
1-2: Ball
2-2: 2-RUN HOME RUN (Flyball, 78XD, EV 113.1 MPH), Distance : 444 ft
Batting: RHB António Fernández 0-0: Ball
1-0: Ball
2-0: Foul Ball, location: 9LMF
2-1: Foul Ball, location: 2F
2-2: Strikes out swinging, 2-3 out at first.
Batting: RHB Augusto Serna 0-0: Foul Ball, location: 9LSF
0-1: Ball
1-1: Ground out 4-3 (Groundball, 4, EV 105.0 MPH)
Batting: LHB Raúl Trujillo 0-0: Ball
1-0: SOLO HOME RUN (Flyball, 7D, EV 108.8 MPH), Distance : 400 ft
Batting: LHB Tim Webster 0-0: Called Strike
0-1: Ball
1-1: Swinging Strike
1-2: Ball
2-2: Strikes out swinging
Bottom of the 3rd over - 3 runs, 2 hits, 0 errors, 0 left on base; Birmingham 0 - Rocket City 3
TOP OF THE 4TH
Birmingham Barons batting - Pitching for Rocket City Trash Pandas : RHP David Trejo
Batting: LHB Sam Stone 0-0: Called Strike
0-1: Ball
1-1: Ball
2-1: Foul Ball, location: 3DF
2-2: Strikes out swinging
Batting: LHB Ben Rhodes 0-0: Ball
1-0: Ball
2-0: Fly out, F5 (Popup, 5F, EV 82.5 MPH)
Batting: LHB Jorge Pagán 0-0: Called Strike
0-1: Ground out 4-3 (Groundball, 4, EV 85.6 MPH)
Top of the 4th over - 0 runs, 0 hits, 0 errors, 0 left on base; Birmingham 0 - Rocket City 3
BOTTOM OF THE 4TH
Rocket City Trash Pandas batting - Pitching for Birmingham Barons : RHP Jesús Campos
Batting: RHB Greg Scott 0-0: Called Strike
0-1: Ball
1-1: Ground out 6-3 (Groundball, 6M, EV 105.6 MPH)
Batting: LHB José De La Cruz 0-0: Ball
1-0: Ball
2-0: Swinging Strike
2-1: SINGLE (Flyball, 8RS, EV 94.4 MPH)
Batting: LHB José Ortíz 0-0: Ball
1-0: Called Strike
1-1: Ball
2-1: Ball
3-1: Foul Ball, location: 7LDF
3-2: Foul Ball, location: 25FF
3-2: Foul Ball, location: 2F
3-2: Fly out, F9 (Line Drive, 9, EV 85.6 MPH)
Batting: LHB Ho-cheong Kim 0-0: Foul Ball, location: 23F
0-1: Foul Ball, location: 2F
0-2: Foul Ball, location: 2F
0-2: Ball
1-2: Foul Ball, location: 9LSF
1-2: Strikes out swinging
Bottom of the 4th over - 0 runs, 1 hit, 0 errors, 1 left on base; Birmingham 0 - Rocket City 3
TOP OF THE 5TH
Birmingham Barons batting - Pitching for Rocket City Trash Pandas : RHP David Trejo
Batting: RHB Derrek Austin 0-0: Ball
1-0: Ball
2-0: Swinging Strike
2-1: Called Strike
2-2: Ball
3-2: Foul Ball, location: 2F
3-2: Base on Balls
Batting: LHB Nathanial Hudson 0-0: SINGLE (Groundball, 4MD, EV 94.4 MPH)
Derrek Austin to second
Batting: RHB Artie Smith 0-0: Ball
1-0: SINGLE (Line Drive, 78M, EV 100.6 MPH)
Derrek Austin to third
Nathanial Hudson to second
Runner from 3rd tries for Home, SAFE, throw by LF to home
Batting: RHB Kel Humphrey 0-0: Bunted foul
0-1: Bunted foul
0-2: Ball
1-2: Ball
2-2: Ball
3-2: 3-RUN HOME RUN (Flyball, 9D, EV 103.1 MPH), Distance : 388 ft
Batting: RHB Héctor Guerrero 0-0: Fly out, F7 (Flyball, 78D, EV 95.6 MPH)
Batting: LHB Bob Woodley 0-0: Foul Ball, location: 9LMFF
0-1: Ground out U3 (Groundball, 3L, EV 92.5 MPH)
Batting: LHB Sam Stone 0-0: Ball
1-0: Ball
2-0: Called Strike
2-1: Ball
3-1: Foul Ball, location: 5F
3-2: Foul Ball, location: 2F
3-2: Foul Ball, location: 23FF
3-2: Foul Ball, location: 2F
3-2: Fly out, F7 (Flyball, 78M, EV 81.3 MPH)
Top of the 5th over - 4 runs, 3 hits, 0 errors, 0 left on base; Birmingham 4 - Rocket City 3
BOTTOM OF THE 5TH
Rocket City Trash Pandas batting - Pitching for Birmingham Barons : RHP Jesús Campos
Batting: SHB José Lugo 0-0: Called Strike
0-1: Called Strike
0-2: Ball
1-2: Ball
2-2: Ball
3-2: Foul Ball, location: 23F
3-2: Fly out, F9 (Flyball, 9LD, EV 95.0 MPH)
Batting: RHB António Fernández 0-0: Ball
1-0: Foul Ball, location: 2F
1-1: SINGLE (Line Drive, 9S, EV 93.8 MPH)
Batting: RHB Augusto Serna 0-0: Sac Bunt to 23 - play at first, batter OUT! 3-4
António Fernández to second
Batting: LHB Raúl Trujillo 0-0: Ball
1-0: Ball
2-0: DOUBLE (Flyball, 8LXD, EV 100.0 MPH)
António Fernández scores
Batting: LHB Tim Webster 0-0: Intentional Walk
Batting: RHB Greg Scott 0-0: Swinging Strike
0-1: Foul Ball, location: 3SF
0-2: Ball
1-2: Ball
2-2: Ball
3-2: Foul Ball, location: 5F
3-2: Foul Ball, location: 2F
3-2: Foul Ball, location: 25F
3-2: DOUBLE (Flyball, 8RXD, EV 97.5 MPH)
Raúl Trujillo scores
Tim Webster to third
Tim Webster scores
Pitching: RHP Tim Wilson
Batting: LHB José De La Cruz 0-0: Called Strike
0-1: Swinging Strike
0-2: Ball
1-2: Ball
2-2: Ball
3-2: Strikes out swinging
Bottom of the 5th over - 3 runs, 3 hits, 0 errors, 1 left on base; Birmingham 4 - Rocket City 6
TOP OF THE 6TH
Birmingham Barons batting - Pitching for Rocket City Trash Pandas : RHP David Trejo
Batting: LHB Ben Rhodes 0-0: Swinging Strike
0-1: Ball
1-1: Foul Ball, location: 3F
1-2: Strikes out swinging, 2-3 out at first.
Batting: LHB Jorge Pagán 0-0: Called Strike
0-1: Ball
1-1: Called Strike
1-2: Foul Ball, location: 2F
1-2: Ball
2-2: Ball
3-2: Foul Ball, location: 7LMF
3-2: Base on Balls
Batting: RHB Derrek Austin 0-0: Ball
1-0: Ball
2-0: Ball
3-0: Base on Balls
Jorge Pagán to second
Batting: LHB Nathanial Hudson 0-0: Ball
1-0: Ball
2-0: Called Strike
2-1: Ball
3-1: Foul Ball, location: 9LMFF
3-2: Strikes out looking
Batting: RHB Artie Smith 0-0: Called Strike
0-1: Called Strike
0-2: Foul Ball, location: 2F
0-2: Reached on error, E1 (Groundball, P, EV 61.9 MPH)
Jorge Pagán scores
Derrek Austin to third
Pitching: LHP Clint McGee
Batting: RHB Kel Humphrey 0-0: Called Strike
0-1: Foul Ball, location: 25FF
0-2: Ball
1-2: Foul Ball, location: 2F
1-2: Ball
2-2: Ground out 4-3 (Groundball, 4, EV 105.6 MPH)
Top of the 6th over - 1 run, 0 hits, 1 error, 2 left on base; Birmingham 5 - Rocket City 6
BOTTOM OF THE 6TH
Rocket City Trash Pandas batting - Pitching for Birmingham Barons : RHP Tim Wilson
Batting: LHB José Ortíz 0-0: Called Strike
0-1: Foul Ball, location: 2LF
0-2: Ball
1-2: Fly out, F7 (Flyball, 78D, EV 96.3 MPH)
Batting: LHB Ho-cheong Kim 0-0: Ball
1-0: Called Strike
1-1: Fly out, F9 (Flyball, 89M, EV 90.6 MPH)
Batting: SHB José Lugo 0-0: Ground out 4-3 (Groundball, 34, EV 83.1 MPH)
Bottom of the 6th over - 0 runs, 0 hits, 0 errors, 0 left on base; Birmingham 5 - Rocket City 6
TOP OF THE 7TH
Birmingham Barons batting - Pitching for Rocket City Trash Pandas : LHP Clint McGee
Batting: RHB Héctor Guerrero 0-0: Foul Ball, location: 3DF
0-1: Foul Ball, location: 2F
0-2: Ball
1-2: Foul Ball, location: 25F
1-2: Foul Ball, location: 5F
1-2: Ball
2-2: Foul Ball, location: 3DF
2-2: Fly out, F7 (Flyball, 7S, EV 95.6 MPH)
Pinch Hitting: RHB Jon Nelson 0-0: Ball
1-0: Ball
2-0: Ball
3-0: Called Strike
3-1: Ground out 5-3 (Groundball, 56, EV 92.5 MPH)
Pinch Hitting: RHB Ben Leonard 0-0: Ball
1-0: Ball
2-0: Ground out 5-3 (Groundball, 56, EV 93.1 MPH)
Top of the 7th over - 0 runs, 0 hits, 0 errors, 0 left on base; Birmingham 5 - Rocket City 6
BOTTOM OF THE 7TH
Rocket City Trash Pandas batting - Pitching for Birmingham Barons : RHP Tim Wilson
Pitching: LHP Jon Watson
Now at 2B: António Rodríguez
Now in CF: Jimmy Jayne
Batting: RHB António Fernández 0-0: Ball
1-0: Called Strike
1-1: Swinging Strike
1-2: Strikes out swinging
Batting: RHB Augusto Serna 0-0: Ball
1-0: Swinging Strike
1-1: Called Strike
1-2: Ball
2-2: Ground out 4-3 (Groundball, 34, EV 100.6 MPH)
Batting: LHB Raúl Trujillo 0-0: Called Strike
0-1: Foul Ball, location: 2LF
0-2: Foul Ball, location: 2F
0-2: Ball
1-2: Strikes out swinging
Bottom of the 7th over - 0 runs, 0 hits, 0 errors, 0 left on base; Birmingham 5 - Rocket City 6
TOP OF THE 8TH
Birmingham Barons batting - Pitching for Rocket City Trash Pandas : LHP Clint McGee
Pinch Hitting: RHB Tomaz Alencastre 0-0: Ball
1-0: Ball
2-0: Ball
3-0: Called Strike
3-1: Base on Balls
Pinch Hitting: RHB Benny Miller 0-0: Ball
1-0: Sac Bunt to 23 - play at first, batter OUT! 3-4
Tomaz Alencastre to second
Batting: RHB Derrek Austin 0-0: Ball
1-0: Ball
2-0: Called Strike
2-1: Ball
3-1: Base on Balls
Pitching: RHP Tony Córdova
Batting: LHB Nathanial Hudson 0-0: Ball
1-0: Ball
2-0: Called Strike
2-1: Called Strike
2-2: 3-RUN HOME RUN (Flyball, 89XD, EV 113.1 MPH), Distance : 460 ft
Batting: RHB Artie Smith 0-0: Swinging Strike
0-1: Ground out 4-3 (Groundball, 34, EV 82.5 MPH)
Batting: RHB Kel Humphrey 0-0: Foul Ball, location: 5F
0-1: Foul Ball, location: 23F
0-2: Foul Ball, location: 2LF
0-2: Foul Ball, location: 3F
0-2: Ball
1-2: Fly out, F4 (Popup, 4S, EV 71.3 MPH)
Top of the 8th over - 3 runs, 1 hit, 0 errors, 0 left on base; Birmingham 8 - Rocket City 6
BOTTOM OF THE 8TH
Rocket City Trash Pandas batting - Pitching for Birmingham Barons : LHP Jon Watson
Now in LF: Luis Flores
Now in RF: José Gonzáles
Batting: LHB Tim Webster 0-0: Ball
1-0: Foul Ball, location: 3F
1-1: SINGLE (Groundball, 6MD, EV 106.3 MPH)
Batting: RHB Greg Scott 0-0: Called Strike
0-1: Foul Ball, location: 2F
0-2: Strikes out looking
Pinch Hitting: RHB António Gaona 0-0: Foul Ball, location: 7LSF
0-1: Ball
1-1: SINGLE (Flyball, 7S, EV 96.9 MPH)
Tim Webster to second
Pinch Hitting: RHB Andino Vanali 0-0: DOUBLE (Line Drive, 9LM, EV 105.0 MPH)
Tim Webster scores
António Gaona to third
Pinch Hitting: RHB Danny Sheppard 0-0: Ground out 6-3 (Groundball, 56, EV 100.0 MPH)
Batting: SHB José Lugo 0-0: Swinging Strike
0-1: Called Strike
0-2: Foul Ball, location: 9LSF
0-2: Ball
1-2: Ball
2-2: Foul Ball, location: 9LMF
2-2: Ball
3-2: Strikes out swinging
Bottom of the 8th over - 1 run, 3 hits, 0 errors, 2 left on base; Birmingham 8 - Rocket City 7
TOP OF THE 9TH
Birmingham Barons batting - Pitching for Rocket City Trash Pandas : RHP Tony Córdova
Now at 3B: Danny Sheppard
Now in LF: José Martínez
Now in CF: Jesús Nieto
Now in RF: Raúl Trujillo
Batting: RHB Héctor Guerrero 0-0: DOUBLE (Line Drive, 7LS, EV 104.4 MPH)
Batting: LHB Jimmy Jayne 0-0: Ball
1-0: Ball
2-0: Fly out, F8 (Flyball, 8RD, EV 103.1 MPH)
Batting: LHB António Rodríguez 0-0: Called Strike
0-1: Foul Ball, location: 3SF
0-2: Ball
1-2: Ball
2-2: Foul Ball, location: 2F
2-2: Fly out, F7 (Flyball, 7S, EV 78.8 MPH)
Batting: LHB Luis Flores 0-0: Ball
Wild Pitch!
Héctor Guerrero to third
1-0: Ball
2-0: Ball
3-0: Called Strike
3-1: SINGLE (Line Drive, 8RS, EV 92.5 MPH)
Héctor Guerrero scores
Batting: LHB José Gonzáles 0-0: Called Strike
0-1: Ball
1-1: Fly out, F8 (Flyball, 8RXD, EV 95.6 MPH)
Top of the 9th over - 1 run, 2 hits, 0 errors, 1 left on base; Birmingham 9 - Rocket City 7
BOTTOM OF THE 9TH
Rocket City Trash Pandas batting - Pitching for Birmingham Barons : LHP Jon Watson
Batting: RHB António Fernández 0-0: Foul Ball, location: 9LDF
0-1: Ball
1-1: Fly out, F8 (Flyball, 89D, EV 105.0 MPH)
Batting: RHB Augusto Serna 0-0: Ball
1-0: Ball
2-0: Ball
3-0: Called Strike
3-1: Swinging Strike
3-2: Ground out 6-3 (Groundball, 6, EV 88.8 MPH)
Pitching: RHP Jim May
Batting: LHB Raúl Trujillo 0-0: Ball
1-0: Ball
2-0: Ball
3-0: Called Strike
3-1: Ground out 6-3 (Groundball, 6, EV 106.3 MPH)
Bottom of the 9th over - 0 runs, 0 hits, 0 errors, 0 left on base; Birmingham 9 - Rocket City 7
Monday, April 1st , 2024 - OOTP Baseball 24.10 Build 82